 Dungeon Crawl Stone Soup version 0.28-a0-474-g535839065c (webtiles) character file.

Game seed: 11530003201271638133

18943 Spaninq the Ogre Mage (level 12, -11/113 HPs)
             Began as an Ogre Air Elementalist on Sept 15, 2021.
             Was a High Priest of Hepliaklqana.
             Mangled by Snorg (15 damage)
             ... on level 3 of the Lair of Beasts.
             The game lasted 01:17:54 (18921 turns).

Spaninq the Ogre Mage (Ogre Air Elementalist)      Turns: 18921, Time: 01:17:55

Health: -11/113    AC:  9    Str: 15    XL:     12   Next: 63%
Magic:  25/26      EV: 10    Int: 22    God:    Hepliaklqana [*****.]
Gold:   968        SH:  0    Dex: 11    Spells: 23/32 levels left

rFire   + . .      SeeInvis .   b - +1 quarterstaff
rCold   . . .      Faith    .   (shield currently unavailable)
rNeg    . . .      Spirit   .   u - +2 steam dragon scales
rPois   +          Reflect  .   o - +0 hat
rElec   .          Harm     .   a - +0 cloak
rCorr   .          Rampage  .   (gloves unavailable)
Will    +....                   (boots unavailable)
Stlth   ++........              (no amulet)
HPRegen 0.28/turn               j - ring of protection from fire
MPRegen 0.20/turn               z - ring of poison resistance

@: no status effects
A: reduced essence, large, unfitting armour, tough skin 1, agile 1, clever 1,
wild magic 1
a: Renounce Religion, Recall Ancestor, Ancestor Identity, Transference, Idealise


You were on level 3 of the Lair of Beasts.
You worshipped Hepliaklqana.
Hepliaklqana was extremely pleased with you.
You visited 3 branches of the dungeon, and saw 14 of its levels.
You also visited: Bailey.

You collected 968 gold pieces.

Inventory:

Hand Weapons
 b - a +1 quarterstaff (weapon)
 k - a +0 broad axe
Armour
 a - a +0 cloak (worn)
 c - a +0 kite shield
 i - a +0 robe of willpower
 o - a +0 hat (worn)
 u - +2 steam dragon scales (worn)
 y - a +0 kite shield
 C - a +0 troll leather armour
Jewellery
 j - a ring of protection from fire (left hand)
 p - a ring of protection from fire
 x - a ring of resist corrosion
 z - a ring of poison resistance (right hand)
 E - a +4 ring of protection
 I - a ring of positive energy
Wands
 r - a wand of digging (10)
 s - a wand of flame (43)
 w - a wand of paralysis (9)
Scrolls
 g - 2 scrolls of immolation
 l - 8 scrolls of teleportation
 t - a scroll of identify
 v - 3 scrolls of fog
 B - a scroll of enchant armour
 D - a scroll of brand weapon
 G - a scroll of summoning {unknown}
Potions
 d - 3 potions of flight
 e - 5 potions of mutation
 f - 7 potions of curing
 m - 2 potions of invisibility
 n - 3 potions of haste
 q - a potion of heal wounds
 A - 2 potions of resistance
 F - 2 potions of might
 H - a potion of ambrosia {unknown}


   Skills:
 + Level 10.0 Fighting
 - Level 1.7 Dodging
 - Level 1.4 Stealth
 + Level 10.9 Spellcasting
 - Level 8.6 Conjurations
 * Level 5.1 Transmutations
 * Level 10.4 Air Magic
 + Level 5.8 Invocations


You had 23 spell levels left.
You knew the following spells:

 Your Spells              Type           Power      Damage    Failure   Level
a - Shock                 Conj/Air       100%       1d9       1%          1
b - Static Discharge      Conj/Air       63%        N/A       1%          2
c - Airstrike             Air            33%        N/A       1%          4
d - Wereblood             Tmut           45%        N/A       2%          2

Your spell library contained the following spells:

 Spells                   Type           Power      Damage    Failure   Level
 Beastly Appendage        Tmut           90%        N/A       1%          1
 Foxfire                  Conj/Fire      100%       2x1d9     1%          1
 Swiftness                Air            66%        N/A       1%          3
 Conjure Flame            Conj/Fire      40%        6-21      4%          3
 Stone Arrow              Conj/Erth      80%        3d12      4%          3
 Iskenderun's Battlesphe  Conj           60%        2d11      7%          5
 Animate Skeleton         Necr           30%        N/A       9%          1
 Pain                     Necr           60%        1d7       9%          1
 Spider Form              Tmut/Pois      15%        N/A       10%         3
 Blink                    Tloc           N/A        N/A       13%         2
 Flame Wave               Conj/Fire      40%        3d8       14%         4
 Fulminant Prism          Conj/Hex       20%        3d13      14%         4
 Hailstorm                Conj/Ice       40%        3d10      14%         4
 Iskenderun's Mystic Bla  Conj/Tloc      40%        2d9       14%         4
 Gell's Gravitas          Tloc           7%         N/A       24%         3
 Inner Flame              Hex/Fire       15%        N/A       24%         3
 Lesser Beckoning         Tloc           15%        N/A       24%         3
 Portal Projectile        Hex/Tloc       30%        N/A       24%         3
 Teleport Other           Tloc           15%        N/A       24%         3
 Vampiric Draining        Necr           7%         2d7       24%         3
 Conjure Ball Lightning   Conj/Air       31%        3x3d10    24%         6
 Ice Form                 Ice/Tmut       30%        N/A       26%         4
 Fireball                 Conj/Fire      20%        3d10      34%         5
 Animate Armour           Summ/Erth      30%        N/A       58%         4
 Cause Fear               Hex            7%         N/A       58%         4
 Orb of Destruction       Conj           30%        9d11      86%         7
 Manifold Assault         Tloc           15%        N/A       88%         5
 Storm Form               Tmut/Air       28%        N/A       92%         7
 Simulacrum               Ice/Necr       7%         N/A       100%        6
 Dragon Form              Tmut           22%        N/A       100%        7
 Lehudib's Crystal Spear  Conj/Erth      20%        10d6      100%        8
 Dragon's Call            Summ           7%         N/A       100%        9


Dungeon Overview and Level Annotations

Branches:
Dungeon (10/15)            Temple (1/1) D:4            Lair (3/6) D:10
    Orc (0/2) D:10         Bailey (visited)
  Swamp: Lair:2-4    Shoals: Lair:2-4     Snake: Lair:2-4    Spider: Lair:2-4

Altars:
Ashenzari
Cheibriados
Dithmenos
Elyvilon
Fedhas
Gozag
Hepliaklqana
Kikubaaqudgha
Makhleb
Nemelex Xobeh
Okawaru
Qazlal
Ru
Sif Muna
Trog
Uskayaw
Vehumet
Wu Jian
Xom
Yredelemnul
Zin
The Shining One
Beogh

Annotations:
Lair:1 1 runed translucent door, SkeletonJelly's ghost, journeyman DrCA
Lair:3 Snorg


Innate Abilities, Weirdness & Mutations

Your life essence is reduced to manifest your ancestor. (-10% HP)
You are too large for most types of armour.
You have tough skin. (AC +1)
You are agile. (Dex +2)
Your mind is acute. (Int +2)
Your spells are a little harder to cast, but a little more powerful.


Message History

Aim: Snorg (moderately wounded, berserk, lightly drained, empty space bonus: 5/8)
The air twists around and strikes Snorg!
Snorg is heavily wounded.
Snorg bites you! Snorg claws you but does no damage. Snorg claws you!
Casting: Airstrike (mildly dangerous; 1% risk of failure)
Confirm with . or Enter, or press ? or * to list all spells.
Aiming: Airstrike (mildly dangerous; 1% risk of failure)
Press: ? - help, Dir - move target, f/p - Snorg
Aim: Snorg (heavily wounded, berserk, lightly drained, empty space bonus: 5/8)
The air twists around and strikes Snorg!
Snorg is heavily wounded.
Snorg closely misses you.
Snorg claws you. x2; Snorg completely misses you.
Snorg closely misses you. Snorg claws you.
Casting: Airstrike (mildly dangerous; 1% risk of failure)
Confirm with . or Enter, or press ? or * to list all spells.
Aiming: Airstrike (mildly dangerous; 1% risk of failure)
Press: ? - help, Dir - move target, f/p - Snorg
Aim: Snorg (heavily wounded, berserk, lightly drained, empty space bonus: 5/8)
The air twists around and strikes Snorg!
Snorg is severely wounded.
Snorg bites you! Snorg barely misses you. Snorg closely misses you.
Unknown command.
Magic courses through your body.
Snorg seems less drained.
Snorg bites you.
Snorg barely misses you. x2; Snorg bites you!
* * * LOW HITPOINT WARNING * * *
Snorg barely misses you. Snorg claws you!
* * * LOW HITPOINT WARNING * * *
Okay, then.
You feel much better. Snorg bites you. Snorg claws you!
* * * LOW HITPOINT WARNING * * *
Snorg claws you!
* * * LOW HITPOINT WARNING * * *
You feel much better. Snorg bites you!
* * * LOW HITPOINT WARNING * * *
Snorg claws you.
* * * LOW HITPOINT WARNING * * *
Snorg barely misses you. Snorg closely misses you. Snorg claws you!
* * * LOW HITPOINT WARNING * * *
Snorg claws you!
You die...

#.÷T.......
##...##..!.
.####..'#.# #..
..#.#.....# .
.....#...#.# .#
...).....#.#...
.+...⌠.#.'...
#...........
#...@.#...#.
##..T..# ...
###§### .
##.§.##
..#.#.....#
.....⌠.<.⌠#
..........#
....##.⌠.##
.... #####


You could see Snorg (berserk).

Vanquished Creatures
  A two-headed ogre (D:9)
  A tengu warrior (D:8)
  2 orc knights (Bailey)
  A wizard (D:9)
  A cyclops (D:10)
  A black mamba (Lair:1)
  A gargoyle (D:10)
  6 cane toads
  2 komodo dragons (Lair:1)
  A troll (D:10)
  A hornet (D:9)
  7 yaks
  3 vampire mosquitoes (D:8)
  2 basilisks (Lair:2)
  A steam dragon (D:5)
  2 water moccasins
  3 sky beasts
  3 black bears
  4 ogres
  10 orc warriors
  3 wolves
  2 centaurs
  A phantom (D:6)
  2 kobold brigands
  6 bullfrogs
  A wyvern zombie (D:3)
  2 water moccasin zombies
  6 scorpions
  A water moccasin skeleton (D:3)
  3 wights
  An electric eel (Lair:2)
  A howler monkey (D:9)
  2 centaur zombies
  A jelly (D:6)
  3 hounds
  7 orc priests
  A bullfrog skeleton (D:5)
  A centaur skeleton (D:7)
  Jessica (D:2)
  3 iguanas
  6 orc wizards
  2 howler monkey zombies (D:9)
  10 adders
  2 shadow imps
  3 white imps
  An ufetubus (D:5)
  An adder skeleton (D:4)
  2 worms
  The ghost of HilariousDeathArtist the Sneak, a weakling HODe (D:6)
  2 dart slugs (D:3)
  31 orcs
  4 endoplasms
  3 giant cockroaches
  13 goblins
  9 hobgoblins
  A jackal (D:3)
  3 quokkas
  5 ball pythons
  8 bats
  42 kobolds
  5 rats
255 creatures vanquished.

Vanquished Creatures (collateral kills)
  A two-headed ogre (D:9)
  A black mamba (Lair:2)
  A komodo dragon (Lair:2)
  Maggie (D:8)
  Psyche (D:10)
  A dream sheep (shapeshifter) (D:10)
  2 wraiths (D:10)
  7 yaks
  A basilisk (Lair:1)
  A vampire mosquito (D:8)
  9 orc warriors
  A black bear (D:7)
  2 necrophages
  2 centaurs
  2 wolves (Lair:3)
  3 kobold brigands
  4 bullfrogs
  A scorpion (D:10)
  A water moccasin skeleton (D:5)
  2 wights (D:7)
  A howler monkey (D:5)
  2 jellies
  A centaur skeleton (D:7)
  An orc priest (D:7)
  Terence (D:3)
  A hound skeleton (D:5)
  2 howler monkey zombies
  2 adders (D:6)
  A white imp (D:7)
  11 orcs
  4 kobolds
  2 bats (D:6)
73 creatures vanquished.

Vanquished Creatures (others)
  10 knights
  20 fungi
  14 plants
44 creatures vanquished.

Grand Total: 372 creatures vanquished

Notes
Turn   | Place    | Note
-------+----------+-------------------------------------------
     0 | D:1      | Spaninq the Ogre Air Elementalist began the quest for the
                  | Orb.
     0 | D:1      | Reached XP level 1. HP: 16/16 MP: 3/3
    64 | D:1      | Reached skill level 1 in Conjurations
   213 | D:1      | Found a faded altar of an unknown god.
   377 | D:1      | Reached XP level 2. HP: 26/26 MP: 2/5
   699 | D:2      | Noticed Jessica
   792 | D:2      | Reached skill level 1 in Fighting
  1061 | D:2      | Learned a level 2 spell: Static Discharge
  1082 | D:2      | Killed Jessica
  1083 | D:2      | Reached XP level 3. HP: 20/33 MP: 2/7
  1278 | D:2      | Reached XP level 4. HP: 35/42 MP: 4/8
  1866 | D:3      | Reached XP level 5. HP: 4/49 MP: 0/9
  2232 | D:3      | Noticed a sky beast
  2570 | D:3      | Reached XP level 6. HP: 59/59 MP: 8/11
  2751 | D:3      | Noticed Terence
  3106 | D:4      | Found an ornate altar of the Wu Jian Council.
  3108 | D:4      | Found an opulent altar of Gozag.
  3113 | D:4      | Found a shimmering blue altar of Sif Muna.
  3211 | D:4      | Found a staircase to the Ecumenical Temple.
  3223 | Temple   | Entered the Ecumenical Temple
  3429 | Temple   | Became a worshipper of Hepliaklqana the Forgotten
  3489 | D:4      | Noticed a black bear
  3545 | D:4      | Killed a black bear
  3932 | D:3      | Gained mutation: You are agile. (Dex +2) [potion of
                  | mutation]
  3932 | D:3      | Gained mutation: Your mind is acute. (Int +2) [potion of
                  | mutation]
  3932 | D:3      | Gained mutation: Your spells are a little harder to cast,
                  | but a little more powerful. [potion of mutation]
  3933 | D:3      | HP: 4/91 [poisoned by a scorpion]
  3939 | D:3      | Reached XP level 7. HP: 12/67 MP: 0/12
  4248 | D:3      | Learned a level 4 spell: Airstrike
  4876 | D:5      | Entered Level 5 of the Dungeon
  4877 | D:5      | Noticed a steam dragon
  5292 | D:5      | Killed a steam dragon
  5293 | D:5      | Reached skill level 5 in Air Magic
  5297 | D:5      | Found a shadowy altar of Dithmenos.
  5527 | D:5      | Reached XP level 8. HP: 77/79 MP: 10/14
  5762 | D:5      | Reached * piety under Hepliaklqana
  5937 | D:5      | Reached skill level 5 in Spellcasting
  5937 | D:5      | Reached skill level 5 in Conjurations
  6065 | D:5      | Reached skill level 5 in Fighting
  6896 | D:5      | Reached ** piety under Hepliaklqana
  6897 | D:5      | Remembered your ancestor Shrek as a knight
  7174 | D:6      | Reached XP level 9. HP: 79/79 MP: 9/18
  7567 | D:6      | Found a runed translucent gate.
  7567 | D:6      | Found a runed translucent gate.
  7567 | D:6      | Found a runed translucent gate.
  7567 | D:6      | Noticed HilariousDeathArtist's ghost (weakling HODe)
  7569 | D:6      | Found a basalt altar of Yredelemnul.
  7587 | D:6      | Killed HilariousDeathArtist's ghost
  8899 | D:7      | You fall into a shaft and drop 1 floor!
  8904 | D:8      | Identified a scroll of acquirement
  8904 | D:8      | Acquired Sif Muna's Compendium of Twisted Combat Magic
  8954 | D:8      | Noticed Maggie
  8978 | D:9      | Reached skill level 1 in Invocations
  9134 | D:8      | Reached XP level 10. HP: 34/90 MP: 16/21
  9244 | D:8      | Found a flagged portal.
  9343 | Bailey   | Entered a bailey
  9424 | Bailey   | Noticed an orc knight
  9446 | Bailey   | Noticed an orc knight
  9569 | Bailey   | Killed an orc knight
  9963 | Bailey   | Killed an orc knight
 11407 | D:8      | Reached *** piety under Hepliaklqana
 11504 | D:8      | Killed Maggie
 11505 | D:8      | Reached XP level 11. HP: 94/99 MP: 5/24
 11921 | D:8      | Noticed a tengu warrior
 11943 | D:8      | Killed a tengu warrior
 12563 | D:9      | Noticed a two-headed ogre
 12563 | D:9      | Noticed a wizard
 12625 | D:9      | Noticed a two-headed ogre
 12631 | D:9      | Killed a two-headed ogre
 13076 | D:9      | Killed a two-headed ogre
 13177 | D:9      | Learned a level 2 spell: Wereblood
 13411 | D:9      | Killed a wizard
 13498 | D:10     | Entered Level 10 of the Dungeon
 13498 | D:10     | Noticed a cyclops
 13548 | D:10     | Killed a cyclops
 13549 | D:10     | Reached skill level 1 in Transmutations
 13553 | D:10     | Reached skill level 10 in Spellcasting
 13808 | D:3      | Killed Terence
 14109 | D:10     | Noticed Psyche
 14267 | D:10     | Killed Psyche
 14654 | D:10     | Found a staircase to the Lair.
 14758 | D:10     | Found a staircase to the Orcish Mines.
 14814 | D:10     | Reached **** piety under Hepliaklqana
 14927 | D:10     | Found a white marble altar of Elyvilon.
 15378 | Lair:1   | Entered Level 1 of the Lair of Beasts
 15400 | Lair:1   | Reached XP level 12. HP: 90/110 MP: 21/26
 15875 | Lair:1   | Found a runed translucent door.
 15875 | Lair:1   | Found a shimmering altar of Xom.
 15875 | Lair:1   | Noticed SkeletonJelly's ghost (journeyman DrCA)
 15875 | Lair:1   | Found the ring of Shadows {Umbra +Inv Stlth+}
 15945 | Lair:1   | Reached skill level 5 in Invocations
 16293 | Lair:1   | Reached skill level 10 in Air Magic
 17177 | Lair:2   | Reached ***** piety under Hepliaklqana
 18604 | Lair:3   | Noticed Snorg
 18705 | Lair:3   | Reached skill level 5 in Transmutations
 18740 | Lair:3   | Reached skill level 10 in Fighting
 18921 | Lair:3   | HP: 4/113 [Snorg (15)]
 18921 | Lair:3   | Mangled by Snorg

Illustrated notes

Levels and vault maps discovered:
D:1:      minmay_arrival_five_plusses, layout_basic, basic_ecumenical_altar
D:2:      layout_rooms, kennysheep_flooded_box, feat_on_display, uniq_jessica
D:3:      layout_loops_ring, minmay_joined_circles, uniq_terence
D:4:      layout_loops_corners, gammafunk_temple_overflow_forgotten,
          minmay_temple_entry_sparse_star, saegor_snake_ambush
D:5:      minmay_opposing_rooms, layout_layer_cave, grunt_dithmenos_shadows
D:6:      old_forge, layout_basic, nicolae_yredelemnul_ghost_church
D:7:      layout_basic
D:8:      layout_basic, enter_bailey_5, sword_in_stone, uniq_maggie
D:9:      layout_loops_ring, lightli_fourway_metalbox
D:10:     layout_big_octagon, kennysheep_little_box,
          grunt_lair_entry_orc_guard_hut, minmay_orc_entry_temple_small,
          uniq_psyche
Temple:   regret_index_temple_sphere_string
Lair:1:   layout_cave_pods, ebering_ghost_xom
Lair:2:   layout_layer_cave, infiniplex_staircase_pool, serial_bayou_shore_a,
          serial_bayou_shore_b, grunt_megastairs_3
Lair:3:   layout_cave_pods, minmay_swamp_entry_swarm,
          nicolae_spider_entry_non_spiders, maelrawn_ghost_gauntlet_escape,
          serial_bayou_lagoon_a, grunt_megastairs_1, uniq_snorg, uniq_gastronok,
          uniq_sonja

Skill      XL: |  1  2  3  4  5  6  7  8  9 10 11 12 |
---------------+-------------------------------------+-----
Conjurations   | 1 2 3 4 5 6 8 |  8.6
Fighting       | 1 2 3 4 5 6 8 9 10 | 10.0
Air Magic      | 3 4 5 6 7 8 9 10 | 10.4
Spellcasting   | 3 4 6 7 9 10 | 10.9
Invocations    | 1 3 4 5 |  5.8
Transmutations | 3 5 |  5.1
Dodging        | |  1.7
Stealth        | |  1.4

Action                   |  1- 3 |  4- 6 |  7- 9 | 10-12 || total
-------------------------+-------+-------+-------+-------++-------
Melee: Quarterstaff      |    15 |    24 |    42 |    16 ||    97
 Cast: Shock             |    35 |    62 |   201 |   342 ||   640
       Static Discharge  |     1 |    16 |    30 |    44 ||    91
       Airstrike         |       |       |     9 |    77 ||    86
Invok: Ancestor Life: Kn |       |       |     1 |       ||     1
       Ancestor Identity |       |       |     1 |       ||     1
       Recall Ancestor   |       |       |     2 |     5 ||     7
       Transference      |       |       |       |     1 ||     1
  Use: Potion            |       |     5 |     5 |     5 ||    15
       Scroll            |       |       |    11 |     3 ||    14
 Stab: Invisible         |       |     1 |       |       ||     1
Armor: Robe              |     4 |    15 |    21 |    13 ||    53
       Skin              |       |     6 |    46 |       ||    52
       Steam dragon scal |       |       |       |    22 ||    22
Dodge: Dodged            |     8 |    28 |    42 |    60 ||   138

Table legend: (Time is in decaauts)
 A = Elapsed time spent in this place.
 B = Non-inter-level travel time spent in this place.
 C = Inter-level travel time spent in this place.
 D = Time resting spent in this place.
 E = Time spent auto-exploring this place.
 F = Levels seen in this place.
 G = Mean time per level.
                   A        B        C        D        E       F      G
               +--------+--------+--------+--------+--------+-----+--------+
         Total |  19002 |  18081 |    921 |   4497 |  10277 |  15 | 1266.8 |
       Dungeon |  14316 |  13621 |    695 |   3230 |   7813 |  10 | 1431.6 |
        Temple |    228 |    165 |     63 |      0 |    151 |   1 |  228.0 |
          Lair |   3560 |   3397 |    163 |    904 |   2104 |   3 | 1186.7 |
        Bailey |    896 |    896 |      0 |    363 |    209 |   1 |  896.0 |
               +--------+--------+--------+--------+--------+-----+--------+

Top non-repeatable levels by time:
     D:3: 2051 daAuts
  Lair:2: 1924 daAuts
     D:5: 1830 daAuts
     D:7: 1575 daAuts
     D:8: 1563 daAuts
  Lair:1: 1533 daAuts
     D:4: 1513 daAuts
    D:10: 1450 daAuts
     D:6: 1434 daAuts
     D:9: 1197 daAuts
     D:2: 922 daAuts
  Bailey: 896 daAuts
     D:1: 778 daAuts
  Temple: 228 daAuts
  Lair:3: 102 daAuts
